Map: Ulrena

Players

LilDicky

  • Race: Terran Terran
  • League: Platinum

aleksander - Winner!

  • Race: Terran Terran
  • League: Diamond

VOD

http://www.twitch.tv/tumescentpie

Description

Time

  • Played on: Nov. 20, 2015, 8:47 a.m.
  • Length: 7:05
Show
View Real Time Build Order
Export as new Build Order

LilDicky Terran 

Build Orders: Mech 

Get SALT Encoding   

  12  0:01  SCV  
  13  0:13  SCV  
  14  0:17  Supply Depot  
  14  0:25  SCV  
  15  0:30  Refinery  
  15  0:39  SCV  
  16  0:46  Barracks  
  16  0:52  SCV  
  17  1:04  SCV  
  18  1:17  SCV  
  19  1:30  SCV  
  20  1:36  Marine  
  20  1:37  Supply Depot  
  20  1:43  Orbital Command  
  20  1:44  Factory  
  20  1:53  Marine  
  21  2:07  Refinery  
  21  2:08  SCV  
  21  2:11  Marine  
  23  2:20  SCV  
  24  2:33  Factory Tech Lab  
  24  2:40  Marine  
  24  2:43  SCV, Starport  
  26  2:55  SCV  
  26  2:56  Siege Tank  
  26  2:58  Supply Depot, Marine  
  31  3:19  SCV  
  32  3:23  Medivac  
  32  3:24  Marine  
  35  3:31  Hellion  
  35  3:32  SCV  
  35  3:33  Supply Depot  
  38  3:41  Supply Depot  
  38  3:42  Marine  
  39  3:53  Starport Tech Lab  
  39  3:55  SCV, Siege Tank  
  43  4:11  Cloaking Field  
  43  4:14  SCV  
  44  4:17  Banshee  
  44  4:21  Command Center  
  38  4:40  Hellion  
  40  4:46  SCV  
  40  4:47  Engineering Bay  
  41  4:58  SCV  
  42  5:00  Viking  
  43  5:10  SCV  
  37  5:24  Cyclone  
  37  5:25  SCV  
  39  5:46  Viking  
  39  5:51  Command Center  
  39  5:57  Factory  
  39  5:58  SCV, Factory  
  40  6:09  Refinery  
  40  6:10  SCV, Missile Turret  
  40  6:12  Orbital Command  
  39  6:23  SCV  
  40  6:35  SCV  
  39  6:47  SCV  
Show
View Real Time Build Order
Export as new Build Order

aleksander Terran - Winner!

Build Orders: Liberator Opening 

Get SALT Encoding   

  12  0:01  SCV  
  13  0:13  SCV  
  14  0:18  Supply Depot  
  14  0:29  SCV  
  15  0:41  SCV, Barracks  
  16  0:46  Refinery  
  16  0:57  SCV  
  17  1:11  SCV  
  18  1:21  Supply Depot  
  18  1:23  SCV  
  19  1:32  Reaper  
  20  1:39  Orbital Command  
  20  1:49  Refinery  
  20  2:08  Factory  
  20  2:10  SCV  
  21  2:16  Supply Depot  
  21  2:22  SCV  
  22  2:34  SCV  
  23  2:46  SCV  
  23  2:49  Supply Depot  
  24  2:52  Starport  
  24  2:53  Factory Tech Lab  
  24  2:54  Factory Reactor  
  24  2:58  SCV  
  24  3:03  Marine  
  26  3:10  SCV  
  27  3:22  SCV  
  27  3:23  Liberator  
  27  3:27  Engineering Bay  
  27  3:29  Command Center  
  27  3:32  Hellion x2  
  31  3:35  SCV  
  35  3:46  Barracks Tech Lab  
  35  3:57  Hellion x2, Missile Turret  
  40  4:02  SCV  
  40  4:06  Liberator  
  40  4:12  Missile Turret  
  40  4:15  Stimpack  
  41  4:39  Hellion x2, Marine  
  41  4:43  Barracks  
  41  4:44  Barracks  
  46  5:08  Refinery  
  46  5:09  Refinery  
  46  5:10  Hellion x2  
  48  5:27  SCV  
  48  5:28  Marine  
  50  5:34  Orbital Command  
  50  5:35  Barracks  
  50  5:46  SCV  
  50  5:48  Barracks Reactor x2  
  51  5:58  SCV  
  52  6:06  SCV  
  52  6:10  SCV  
  54  6:15  Command Center  
  52  6:26  Marine x4  
  52  6:27  Barracks Reactor  
  52  6:28  Supply Depot  
  52  6:31  SCV  
  57  6:33  Factory Tech Lab, Medivac x2  
  61  6:46  Marine  
  61  6:50  Supply Depot  
  61  6:51  Supply Depot  
Tags
 
Add a new tag
Caveats
  • Supply blocks, unpowered buildings, or Contaminate may cause inaccurate times.
  • Supply counts are checked every 10 seconds.